 Dungeon Crawl Stone Soup version 0.30-a0-1116-gebefce21f7 (webtiles) character file.

Game seed: 6597122290048967045

1369 BlueFish the Covert (level 8, -7/54 HPs)
             Began as an Octopode Artificer on Apr 21, 2023.
             Killed from afar by a steam dragon (27 damage)
             ... with a ball of steam
             ... on level 6 of the Dungeon on Apr 22, 2023.
             The game lasted 00:13:05 (5527 turns).

BlueFish the Covert (Octopode Artificer)            Turns: 5527, Time: 00:13:06

Health: -7/54      AC:  1    Str: 20    XL:     8   Next: 65%
Magic:  9/9        EV: 14    Int: 16    God:
Gold:   166        SH:  0    Dex:  9    Spells: 2/8 levels left

rFire   . . .      SeeInvis .    s - +0 flail (protect)
rCold   . . .      Faith    .    (no shield)
rNeg    . . .      Spirit   .    (helmet restricted)
rPois   .          Reflect  .    (no amulet)
rElec   .          Rampage  .    (no ring)
rCorr   .          Clarity  +    (no ring)
Will    .....                    (no ring)
Stlth   +++++                    (no ring)
HPRegen 0.29/turn                (no ring)
MPRegen 0.11/turn                (no ring)
                                 (no ring)
                                 (no ring)

@: about to teleport
A: almost no armour, amphibious, 8 rings, camouflage 1, gelatinous body 1,
(nimble swimmer 1), tentacles, fangs 1, clarity, clever 1, strong 2
a: no special abilities


You were on level 6 of the Dungeon.
You visited 1 branch of the dungeon, and saw 6 of its levels.
You also visited: Ossuary.

You collected 412 gold pieces.
You spent 246 gold pieces at shops.

Inventory:

Hand Weapons
 a - a +0 club
 g - a +0 whip
 s - a +0 flail of protection (weapon)
Missiles
 e - 46 stones (quivered)
 j - 12 poisoned darts
Wands
 b - a wand of flame (15)
 c - a wand of charming (13)
 d - a wand of iceblast (5)
Scrolls
 f - 2 scrolls of magic mapping {unknown}
 h - a scroll of enchant armour {unknown}
 i - a scroll of summoning {unknown}
 k - 2 scrolls of poison {unknown}
 m - 5 scrolls of teleportation
 o - a scroll of fog
 p - a scroll of fear {unknown}
 q - a scroll of immolation {unknown}
 t - a scroll of silence {unknown}
 u - 4 scrolls of noise
 v - a scroll of enchant weapon {unknown}
Potions
 l - 3 potions of ambrosia
 r - 5 potions of might
 w - a potion of lignification
 x - 3 potions of curing
 z - 2 potions of flight {unknown}


   Skills:
 + Level 4.3 Fighting
 * Level 1.6 Maces & Flails
 + Level 1.0 Throwing
 + Level 4.7 Dodging
 * Level 8.9 Stealth
 + Level 0.9 Spellcasting
 * Level 1.6 Translocations
 + Level 5.7 Evocations


You had 2 spell levels left.
You knew the following spells:

 Your Spells              Type           Power      Damage    Failure   Level
a - Lesser Beckoning      Tloc           10%        N/A       19%         2
b - Blink                 Tloc           10%        N/A       19%         2
c - Momentum Strike       Conj/Tloc      6%         3d8       26%         2

Your spell library contained the following spells:

 Spells                   Type           Power      Damage    Failure   Level
 Tukima's Dance           Hex            0%         N/A       56%         3
 Passage of Golubria      Tloc           5%         N/A       75%         4
 Yara's Violent Unravell  Hex/Tmut       0%         3d3       100%        5


Dungeon Overview and Level Annotations

Branches:
Dungeon (6/15)            Ossuary (visited)
 Temple: D:4-7

Altars:
Ashenzari
Kikubaaqudgha
Nemelex Xobeh
Xom

Shops:
D:5 !:


Innate Abilities, Weirdness & Mutations

You cannot wear most types of armour.
You are amphibious.
You can wear up to eight rings at the same time.
Your skin changes colour to match your surroundings (Stealth+).
Your rubbery body absorbs attacks. (AC +1, EV +1)
((You are camouflaged when in or above water. (Stealth+)))
You have tentacles for arms and can constrict up to eight enemies at once.
You have very sharp teeth.
You possess an exceptional clarity of mind.
Your mind is acute. (Int +4, Str/Dex -1)
Your muscles are very strong. (Str +8, Int/Dex -2)


Message History

The adder is engulfed in a cloud of scalding steam.
The adder closely misses you.
The steam dragon bites you but does no damage.
The steam dragon misses you.
Found a dagger.
The adder bites you but does no damage.
An orc comes into view. It is wielding a +0 falchion.
The steam dragon bites you but does no damage.
The steam dragon claws you. The adder completely misses you.
You feel much better.
You are engulfed in a cloud of scalding steam.
The steam dragon misses you.
The steam dragon claws you but does no damage.
The adder bites you.
You closely miss the steam dragon.
The orc shouts!
Your bite misses the steam dragon.
The steam dragon is moderately wounded.
The adder is engulfed in a cloud of scalding steam.
The adder dies!
The steam dragon barely misses you. x2
An orc wizard comes into view. It is wielding a +0 long sword.
The orc closely misses you. The steam dragon bites you.
The steam dragon claws you but does no damage.
As you read the scroll of teleportation, it crumbles to dust.
You feel strangely unstable. The steam dragon breathes steam at you.
The ball of steam hits you! The orc misses you.
The orc shouts!
The orc attacks as you move away! The orc misses you.
The steam dragon closely misses you. The steam dragon barely misses you.
You barely miss the steam dragon. Your bite misses the steam dragon.
You squeeze the steam dragon.
The steam dragon is heavily wounded.
Your surroundings seem slightly different.
As you read the scroll of teleportation, it crumbles to dust.
You feel strangely unstable. The steam dragon breathes steam at you.
The ball of steam hits you!!
Ouch! That really hurt!
You die...

#........#......
#...........o#
#......†.....#
...............####
............§.o....#
####.........D..##.
##.......#§.(#
#........§####
#........@#
.....)...# ........#
........# .......##
#.....# ######


There were no monsters in sight!

Vanquished Creatures
  2 black bears (D:5)
  An ogre (D:6)
  4 centaurs
  A gnoll sergeant (D:4)
  3 scorpions
  A howler monkey (D:6)
  3 hounds
  A sleepcap (D:5)
  2 iguanas
  2 orc wizards (D:4)
  A mummy (Ossuary)
  6 gnolls
  6 adders
  A shadow imp (D:5)
  A white imp (D:5)
  2 ufetubi (D:5)
  A dart slug (D:3)
  11 orcs
  5 spectral bats (Ossuary)
  7 ball pythons
  6 endoplasms
  3 giant cockroaches (D:4)
  12 gnoll zombies (Ossuary)
  6 goblins
  5 hobgoblins
  A quokka (D:4)
  3 bats
  2 bat simulacra (Ossuary)
  7 frilled lizards
  2 goblin zombies (Ossuary)
  5 hobgoblin zombies (Ossuary)
  6 kobolds
  2 kobold simulacra (Ossuary)
  3 kobold zombies (Ossuary)
  8 orc zombies (Ossuary)
  6 rats
  4 rat simulacra (Ossuary)
  6 spectral goblins (Ossuary)
  2 spectral kobolds (Ossuary)
150 creatures vanquished.

Vanquished Creatures (collateral kills)
  2 gnolls (D:3)
2 creatures vanquished.

Vanquished Creatures (others)
  An adder (D:6)
1 creature vanquished.

Grand Total: 153 creatures vanquished

Notes
Turn   | Place    | Note
-------+----------+-------------------------------------------
     0 | D:1      | BlueFish the Octopode Artificer began the quest for the
                  | Orb.
     0 | D:1      | Reached XP level 1. HP: 13/13 MP: 1/1
   148 | D:1      | Reached skill level 2 in Stealth
   154 | D:1      | Reached XP level 2. HP: 8/18 MP: 2/2
   832 | D:1      | Reached XP level 3. HP: 22/23 MP: 3/3
   965 | D:2      | Reached skill level 3 in Stealth
  1069 | D:2      | Found a sparkling altar of Nemelex Xobeh.
  1710 | D:3      | Reached XP level 4. HP: 19/29 MP: 4/4
  1926 | D:3      | Reached skill level 4 in Stealth
  2150 | D:3      | Reached XP level 5. HP: 31/34 MP: 5/5
  2178 | D:3      | Gained mutation: Your spells are a little harder to cast,
                  | but a little more powerful. [potion of mutation]
  2178 | D:3      | Gained mutation: You possess an exceptional clarity of
                  | mind. [potion of mutation]
  2178 | D:3      | Gained mutation: You have a pair of small antennae on your
                  | head. [potion of mutation]
  2178 | D:3      | Gained mutation: Your muscles are strong. (Str +4, Int/Dex
                  | -1) [potion of mutation]
  2690 | D:4      | Found a broken altar of Ashenzari.
  2694 | D:4      | Saw a vision of the Shoals and the Snake Pit.
  2694 | D:4      | Noticed a merfolk
  2694 | D:4      | Noticed a naga warrior
  2694 | D:4      | Noticed a sea snake
  2694 | D:4      | Noticed a manticore
  2694 | D:4      | Noticed a naga
  2694 | D:4      | Noticed a salamander
  2694 | D:4      | Noticed a sea snake
  2694 | D:4      | Noticed a sea snake
  2694 | D:4      | Noticed a naga
  2694 | D:4      | Noticed a manticore
  2694 | D:4      | Noticed a merfolk
  2694 | D:4      | Noticed a black mamba
  2694 | D:4      | Noticed a naga sharpshooter
  2695 | D:4      | Noticed a naga sharpshooter
  2695 | D:4      | Noticed a naga warrior
  2695 | D:4      | Noticed a merfolk
  2756 | D:4      | Found a sand-covered staircase.
  2763 | Ossuary  | Entered an ossuary
  2895 | Ossuary  | Reached skill level 5 in Stealth
  3183 | D:4      | Found a shimmering altar of Xom.
  3197 | D:4      | Reached XP level 6. HP: 34/41 MP: 6/6
  3454 | D:4      | Reached skill level 6 in Stealth
  3929 | D:5      | Entered Level 5 of the Dungeon
  4000 | D:5      | Reached XP level 7. HP: 46/46 MP: 7/7
  4099 | D:5      | Lost mutation: You have a pair of small antennae on your
                  | head. [potion of mutation]
  4099 | D:5      | Lost mutation: Your spells are a little harder to cast, but
                  | a little more powerful. [potion of mutation]
  4099 | D:5      | Gained mutation: Your mind is acute. (Int +4, Str/Dex -1)
                  | [potion of mutation]
  4099 | D:5      | Gained mutation: You have very sharp teeth. [potion of
                  | mutation]
  4099 | D:5      | Gained mutation: Your muscles are very strong. (Str +8,
                  | Int/Dex -2) [potion of mutation]
  4294 | D:5      | Reached skill level 7 in Stealth
  4382 | D:5      | Reached skill level 5 in Evocations
  4425 | D:5      | Found Hynenyzedd's Book Shoppe.
  4448 | D:5      | Found Fead's Distillery.
  4457 | D:5      | Bought 2 potions of curing for 66 gold pieces
  4761 | D:5      | Reached skill level 8 in Stealth
  4761 | D:5      | Reached XP level 8. HP: 52/54 MP: 8/8
  4985 | D:5      | Bought a book of Spatial Translocations for 180 gold pieces
  4990 | D:5      | Learned a level 2 spell: Lesser Beckoning
  4993 | D:5      | Learned a level 2 spell: Blink
  4996 | D:5      | Learned a level 2 spell: Momentum Strike
  5173 | D:6      | Reached skill level 1 in Maces & Flails
  5173 | D:6      | Reached skill level 1 in Translocations
  5247 | D:6      | Found an ancient bone altar of Kikubaaqudgha.
  5389 | D:6      | Reached skill level 1 in Throwing
  5527 | D:6      | Killed from afar by a steam dragon

Illustrated notes

Levels and vault maps discovered:
D:1:      zaba_arrival_water, layout_basic, hangedman_decor_diamond_cutter
D:2:      layout_basic, basic_altar
D:3:      kennysheep_big_flooded_room, layout_loops_corners
D:4:      layout_basic, tgw_xom, grunt_ashenzari_visionary
          [grunt_ashenzari_visionary_shoals, grunt_ashenzari_visionary_snake],
          chequers_ossuary_entry_cave, minmay_hedge_maze,
          hangedman_abyss_or_decor_passed, minmay_splitting_lines,
          kennysheep_generic_room_14
D:5:      layout_loops_corners, serial_shops, shop, minmay_misc_feat_ornament,
          kb_lookout_dungeons_type, kennysheep_windowed_goal
D:6:      layout_rooms, mainiacjoe_overflow_alcove_1

Skill      XL: |  1  2  3  4  5  6  7  8 |
---------------+-------------------------+-----
Stealth        | 2 3 4 5 6 8 |  8.9
Fighting       | 2 3 4 |  4.3
Dodging        | 3 4 |  4.7
Evocations     | 4 5 |  5.7
Maces & Flails | 1 |  1.6
Translocations | 1 |  1.6
Throwing       | 1 |  1.0
Spellcasting   | |  0.9

Action                     |  1- 3 |  4- 6 |  7- 9 || total
---------------------------+-------+-------+-------++-------
  Melee: Club              |    17 |       |       ||    17
         Tentacles         |    14 |    44 |    21 ||    79
         Constrict         |    15 |    55 |    15 ||    85
         Whip              |    56 |    12 |       ||    68
         Flail             |       |   176 |    94 ||   270
         Punch             |       |     6 |     3 ||     9
         Bite              |       |       |    15 ||    15
  Throw: Stone             |       |     1 |       ||     1
  Evoke: Wand              |       |     2 |       ||     2
    Use: Scroll            |     3 |     6 |     2 ||    11
         Potion            |       |     3 |     3 ||     6
   Stab: Sleeping          |     9 |    16 |     5 ||    30
         Distracted        |       |     2 |       ||     2
 Armour: Skin              |     3 |    53 |    76 ||   132
  Dodge: Dodged            |    47 |   138 |   139 ||   324

Table legend: (Time is in decaauts)
 A = Elapsed time spent in this place.
 B = Non-inter-level travel time spent in this place.
 C = Inter-level travel time spent in this place.
 D = Time resting spent in this place.
 E = Time spent auto-exploring this place.
 F = Levels seen in this place.
 G = Mean time per level.
                   A        B        C        D        E       F      G
               +--------+--------+--------+--------+--------+-----+--------+
         Total |   5642 |   5463 |    179 |     58 |   4164 |   7 |  806.0 |
       Dungeon |   5240 |   5061 |    179 |     45 |   4004 |   6 |  873.3 |
       Ossuary |    401 |    401 |      0 |     13 |    160 |   1 |  401.0 |
               +--------+--------+--------+--------+--------+-----+--------+

Top non-repeatable levels by time:
     D:5: 1248 daAuts
     D:4: 985 daAuts
     D:3: 949 daAuts
     D:1: 869 daAuts
     D:2: 801 daAuts
 Ossuary: 401 daAuts
     D:6: 387 daAuts
